 Dungeon Crawl Stone Soup version 0.24-a0-136-gad582e5 (webtiles) character file.

Game seed: 4077850850470873276

68 snowfan the Magician (level 4, 0/30 HPs)
             Began as a Mummy Fire Elementalist on Feb 28, 2019.
             Slain by an adder (3 damage)
             ... on level 2 of the Dungeon.
             The game lasted 00:05:06 (2678 turns).

snowfan the Magician (Mummy Fire Elementalist)      Turns: 2678, Time: 00:05:07

Health: 0/30       AC:  2    Str: 11    XL:     4   Next: 1%
Magic:  0/9        EV: 12    Int: 15    God:
Gold:   76         SH:  0    Dex: 12    Spells: 4/10 levels left

rFire    x . .     SeeInvis .   b - +0 dagger
rCold    + . .     Gourm    .   (no shield)
rNeg     + + +     Faith    .   a - +0 robe
rPois    ∞         Spirit   .   (no helmet)
rElec    .         Reflect  .   (no cloak)
rCorr    .         Harm     .   (no gloves)
MR       .....                  (no boots)
Stlth    ++........             (no amulet)
HPRegen  0.10/turn              (no ring)
MPRegen  0.11/turn              (no ring)

@: very slightly contaminated
A: no food or potions, fire vulnerability, cold resistance 1, negative energy
resistance 3, torment resistance, unbreathing
a: no special abilities


You were on level 2 of the Dungeon.
You were not hungry.

You visited 1 branch of the dungeon, and saw 2 of its levels.

You collected 76 gold pieces.

Inventory:

Hand Weapons
 b - a +0 dagger (weapon)
Armour
 a - a +0 robe (worn)
Scrolls
 c - 2 scrolls of amnesia {unknown}
 d - 2 scrolls of remove curse {unknown}
 e - a scroll of immolation {unknown}
 f - 2 scrolls of identify {unknown}


   Skills:
 - Level 1.5 Dodging
 - Level 1.5 Stealth
 + Level 3.7 Spellcasting
 - Level 0.7 Conjurations
 * Level 3.6 Fire Magic


You had 4 spell levels left.
You knew the following spells:

 Your Spells              Type           Power        Failure   Level  Hunger
a - Flame Tongue          Conj/Fire      #....        8%          1    N/A
d - Conjure Flame         Conj/Fire      #.......     22%         3    N/A
s - Throw Flame           Conj/Fire      #.....       12%         2    N/A

Your spell library contained the following spells:

 Spells                   Type           Power        Failure   Level  Hunger
 Inner Flame              Hex/Fire       #.......     26%         3    N/A
 Sticky Flame             Conj/Fire      #.......     58%         4    N/A
 Fireball                 Conj/Fire      #.........   91%         5    N/A

Dungeon Overview and Level Annotations

Branches:
Dungeon (2/15)

Altars:


Innate Abilities, Weirdness & Mutations

You do not eat or drink.
Your flesh is vulnerable to fire.
You are immune to poison.
Your flesh is cold resistant. (rC+)
You are immune to negative energy. (rN+++)
You are immune to unholy pain and torment.
You can survive without breathing.


Message History

The adder barely misses you.
A bat comes into view.
You miss the adder. The adder bites you.
* * * LOW HITPOINT WARNING * * *
The adder bites you.
* * * LOW HITPOINT WARNING * * *
You hit the adder.
The adder is lightly wounded.
The adder bites you.
* * * LOW HITPOINT WARNING * * *
Casting: Flame Tongue (safe; 8% risk of failure)
Confirm with . or Enter, or press ? or * to list all spells.
You don't have enough magic to cast that spell.
You closely miss the adder.
The adder is lightly wounded.
The adder closely misses you.
You hit the adder.
The adder is moderately wounded.
The adder bites you.
You die...

##.# #. #.# #.
#.## #. #..# ##.##
#..# ##.# # .
######.####.#...#
........@S..)..#
######..####.#...#
#.....# # .
#####.# #.# #.# #
#.## .... #..# #..
######..## #.#


You could see an adder.

Vanquished Creatures
  An adder (D:2)
  An ooze (D:2)
  3 worms (D:2)
  A leopard gecko (D:2)
  5 bats
  3 giant cockroaches
  9 goblins
  6 hobgoblins
  A frilled lizard (D:2)
  6 kobolds (D:1)
  8 rats
44 creatures vanquished.

Notes
Turn   | Place    | Note
-------+----------+-------------------------------------------
     0 | D:1      | snowfan the Mummy Fire Elementalist began the quest for the
                  | Orb.
     0 | D:1      | Reached XP level 1. HP: 13/13 MP: 4/4
   367 | D:1      | Reached XP level 2. HP: 14/19 MP: 1/6
  1564 | D:2      | Reached XP level 3. HP: 24/24 MP: 2/7
  2022 | D:2      | Learned a level 3 spell: Conjure Flame
  2025 | D:2      | Learned a level 2 spell: Throw Flame
  2672 | D:2      | Reached XP level 4. HP: 9/30 MP: 0/9
  2678 | D:2      | Slain by an adder

Levels and vault maps discovered:
D:1:      dpeg_arrival_subterranean_lakeside_camping, layout_basic,
          minmay_misc_feat_diagonals, hex_intersection
D:2:      minmay_spotlight, layout_basic, first_ration, minmay_heptomino_w4

Skill      XL: |  1  2 |
---------------+-------+-----
Spellcasting   | 3 |  3.7
Fire Magic     | 3 |  3.6
Dodging        | |  1.5
Stealth        | |  1.5
Conjurations   | |  0.7

Action                   |  1- 3 |  4- 6 || total
-------------------------+-------+-------++-------
Melee: Unarmed           |     4 |       ||     4
       Dagger            |    26 |     4 ||    30
 Cast: Flame Tongue      |    81 |     1 ||    82
       Throw Flame       |     3 |       ||     3
Armor: Robe              |    13 |       ||    13
Dodge: Dodged            |    51 |     2 ||    53

Table legend:
 A = Non-vault XP
 B = Vault XP
 C = Vault XP percentage of total XP
 D = Non-vault monster count
 E = Vault monster count
 F = Vault count percentage of total count
                 A         B        C        D         E       F
            +---------+---------+-------+---------+---------+-------
      Total |      72 |      26 |  26.5 |      35 |       9 |  20.5
            +---------+---------+-------+---------+---------+-------
        D:1 |      32 |       8 |  20.0 |      20 |       6 |  23.1
        D:2 |      40 |      18 |  31.0 |      15 |       3 |  16.7
            +---------+---------+-------+---------+---------+-------
